 Dungeon Crawl Stone Soup version 0.31-a0-983-g7b6862f502 (webtiles) character file.

Game seed: 10011289342951189744

32521 Arex the Fighter (level 13, -5/110 HPs)
             Began as a Hill Orc Delver on Nov 2, 2023.
             Was a Priest of Hepliaklqana.
             Slain by a troll (6 damage)
             ... led by an orc warlord
             ... on level 1 of the Orcish Mines on Nov 3, 2023.
             The game lasted 00:41:23 (20411 turns).

Arex the Fighter (Hill Orc Delver)                 Turns: 20411, Time: 00:41:24

Health: -5/110     AC:  4    Str: 16    XL:     13   Next: 65%
Magic:  0/16       EV: 11    Int: 18    God:    Hepliaklqana [***...]
Gold:   1019       SH:  0    Dex: 13    Spells: 12/12 levels left

rFire   x .          .
                       - Unarmed
rCold   + . .        (shield currently unavailable)
rNeg    . . .        x - +1 plate armour
rPois   +            (no helmet)
rElec   .            (no cloak)
rCorr   +            p - melded +0 pair of gloves
SInv    .            (no boots)
Will    .....        G - amulet of guardian spirit Stlth
                     H - +5 ring of evasion
HPRegen 0.38/turn    J - ring "Leduorgh" {Ice rPois rCorr Int+8 Dex-3}
MPRegen 0.15/turn

%: guardian spirit
@: blade hands, studying Unarmed Combat
A: reduced essence
a: Begin Untransformation, Renounce Religion, Recall Ancestor, Ancestor
Identity, Transference


You were on level 1 of the Orcish Mines.
You worshipped Hepliaklqana.
Hepliaklqana was most pleased with you.
You had blades for hands.
You visited 3 branches of the dungeon, and saw 16 of its levels.

You collected 1200 gold pieces.
You spent 181 gold pieces at shops.

Inventory:

Hand Weapons
 a - a +0 hand axe of venom
Armour
 p - a +0 pair of gloves (melded)
 x - a +1 plate armour (worn)
Jewellery
 G - an amulet of guardian spirit (around neck)
 H - a +5 ring of evasion (left blade hand)
 J - the ring "Leduorgh" (right blade hand) {Ice rPois rCorr Int+8 Dex-3}
   (You found it on level 8 of the Dungeon)

   [ring of ice]

   Ice:       It enhances your ice magic.
   Int+8:     It affects your intelligence (+8).
   Dex-3:     It affects your dexterity (-3).
   rF-:       It makes you vulnerable to fire.
   rC+:       It protects you from cold.
   rPois:     It protects you from poison rCorr: It protects you from acid and
   corrosion.
 M - a ring of see invisible
Talismans
 j - a maw talisman
 n - a beast talisman
 q - a granite talisman
 I - a blade talisman (active)
Wands
 b - a wand of iceblast (1)
 f - a wand of polymorph (4)
 g - a wand of digging (3)
 N - a wand of flame (21)
Scrolls
 c - 6 scrolls of fog
 i - a scroll of amnesia
 k - 2 scrolls of brand weapon
 s - 3 scrolls of revelation
 t - 3 scrolls of immolation
 u - 4 scrolls of vulnerability
 v - 3 scrolls of enchant weapon
 w - a scroll of teleportation
 A - 2 scrolls of blinking
 B - 3 scrolls of noise
 E - a scroll of silence
 F - 2 scrolls of enchant armour
 L - 4 scrolls of identify
Potions
 d - 3 potions of heal wounds
 h - 4 potions of curing
 l - 2 potions of lignification
 m - a potion of haste
 o - a potion of mutation
 r - 4 potions of enlightenment
 C - 4 potions of attraction
 K - a potion of cancellation


   Skills:
 - Level 13.9 Fighting
 - Level 5.7 Axes
 - Level 6.0 Dodging
 - Level 4.1 Stealth
 + Level 11.1 Unarmed Combat
 - Level 4.9 Invocations
 * Level 12.9 Shapeshifting


You had 12 spell levels left.
You didn't know any spells.
Your spell library contained the following spells:

 Spells                   Type           Power      Damage    Failure   Level
 Necrotise                Necr           0%         1d4       100%        1
 Ensorcelled Hibernation  Hex/Ice        0%         N/A       100%        2
 Passwall                 Tmut/Erth      0%         N/A       100%        2
 Wereblood                Tmut           0%         N/A       100%        2
 Hailstorm                Conj/Ice       0%         3d3       100%        3
 Swiftness                Air            0%         N/A       100%        3
 Vampiric Draining        Necr           0%         2d6       100%        3
 Cause Fear               Hex            0%         N/A       100%        4
 Summon Ice Beast         Ice/Summ       0%         N/A       100%        4
 Agony                    Necr           0%         N/A       100%        5
 Fireball                 Conj/Fire      0%         3d3       100%        5
 Irradiate                Conj/Tmut      0%         3d11      100%        5
 Simulacrum               Ice/Necr       0%         N/A       100%        6
 Dragon's Call            Summ           0%         N/A       100%        9


Dungeon Overview and Level Annotations

Branches:
Dungeon (9/15)             Temple (0/1) D:7            Lair (5/5) D:8
  Swamp (0/4) Lair:2        Snake (0/4) Lair:2        Slime (0/5) Lair:4
    Orc (2/2) D:9
    Elf: Orc:2

Altars:
Gozag
Hepliaklqana
Okawaru
Ru
Wu Jian
Zin
The Shining One
Jiyva

Shops:
D:5 ?

Annotations:
Lair:1 2 transporters, Danienth's ghost, journeyman TeAE
Lair:4 3 runed translucent doors, exclusion: oklob plant, lunkers's ghost, journeyman DgSh


Message History

The orc warrior hits Hamal with a +0 short sword.
Hamal casts a spell at the troll.
The puff of frost hits the troll!
You barely miss the troll.
The troll is heavily wounded.
The troll barely misses you. The troll claws you.
* * * LOW HITPOINT WARNING * * *
The troll closely misses you.
You closely miss the troll. Your slash misses the troll.
The troll is heavily wounded.
The troll completely misses you. The troll claws you.
* * * LOW HITPOINT WARNING * * *
The troll closely misses you.
Hamal hits the troll with a +0 quarterstaff!!
The troll dies!
You hit the orc warrior. You slash the orc warrior!
The orc warrior is severely wounded.
The troll barely misses you. The troll claws you but does no damage.
The troll claws you.
* * * LOW HITPOINT WARNING * * *
The orc warrior hits you with a +0 short sword.
* * * LOW HITPOINT WARNING * * *
Hamal hits the orc warrior with a +0 quarterstaff.
You hit the orc warrior but do no damage.
The orc warrior is severely wounded.
The troll closely misses you. x2; The troll misses you.
Hamal hits the orc warrior with a +0 quarterstaff.
The orc warrior hits Hamal with a +0 short sword.
You catch the helpless orc warrior completely off-guard!
You slice the orc warrior!!
You kill the orc warrior!
The troll barely misses you. x3
You slice the troll!!
The troll is severely wounded.
You slash the troll!
The troll is almost dead.
The troll bites you!
* * * LOW HITPOINT WARNING * * *
The troll closely misses you. The troll claws you!
You die...

#..##.#)...#
#####.#.[#####
###...##.####
#...##....##
####..##.....##
##.............##
###...[.#...#.....#
##.....>RT....#...##
#.......@....######
##.............##
#...##..)[[.....#
##.......##...<##
##..........#.##
##............##
#.............##
##.#.#.........#
##......##....##


You could see the friendly Hamal the battlemage and a troll (ally target).

Vanquished Creatures
  Gastronok (Lair:3)
  An orc warlord (Orc:1)
  An eleionoma (Lair:2)
  8 death yaks
  5 black mambas
  2 elephants (Lair:3)
  5 cane toads
  A rime drake (Lair:4)
  3 komodo dragons
  3 trolls
  3 dream sheep (Lair:4)
  3 blink frogs
  Sigmund (D:2)
  12 yaks
  Eustachio (D:6)
  2 humans (D:7)
  A steam dragon (D:7)
  2 basilisks
  Menkaure (D:5)
  A warg (Orc:2)
  A hell hound (Lair:3)
  Duvessa (D:6)
  12 water moccasins
  6 orc warriors
  3 ogres
  4 wolves (Lair:4)
  2 centaurs
  3 phantoms
  7 bullfrogs
  3 scorpions (D:5)
  Dowan (D:6)
  A killer bee (D:8)
  3 howler monkeys (D:9)
  An electric eel (Lair:2)
  4 hounds
  5 jellies
  5 orc priests
  2 sleepcaps
  2 iguanas
  Ijyb (D:4)
  6 orc wizards
  2 hell rats (Lair:4)
  13 gnolls
  7 adders
  A worm (D:3)
  3 dart slugs
  29 orcs
  6 endoplasms
  8 giant cockroaches
  5 hobgoblins
  6 jackals
  13 kobolds
  2 quokkas (D:2)
  3 ball pythons
  4 bats
  5 frilled lizards
  7 goblins
  2 rats
246 creatures vanquished.

Vanquished Creatures (collateral kills)
  2 death yaks
  A skyshark (Lair:4)
  4 elephants (Lair:3)
  A black mamba (Lair:5)
  A cane toad (Lair:1)
  5 komodo dragons
  A rime drake (Lair:4)
  A troll (Orc:1)
  A polar bear (Lair:3)
  4 dream sheep (Lair:4)
  6 blink frogs
  8 yaks
  A wyvern (Lair:3)
  4 basilisks
  A steam dragon (D:8)
  A warg (Orc:1)
  4 water moccasins
  A hell hound (Lair:3)
  4 orc warriors
  A kobold brigand (D:8)
  A gnoll sergeant (D:8)
  4 bullfrogs
  A scorpion (D:7)
  2 killer bees (D:8)
  A howler monkey (D:8)
  An orc priest (D:7)
  3 orc wizards
  2 hell rats (Lair:4)
  A shadow imp (D:6)
  21 orcs
  4 kobolds (D:8)
93 creatures vanquished.

Vanquished Creatures (others)
  12 battlemagi
  An ancestor (D:6)
  A kobold (D:8)
14 creatures vanquished.

Grand Total: 353 creatures vanquished

Notes
Turn   | Place    | Note
-------+----------+-------------------------------------------
     0 | D:5      | Arex the Hill Orc Delver began the quest for the Orb.
     0 | D:5      | Reached XP level 1. HP: 19/19 MP: 1/1
     0 | D:5      | Found Keyti's Magic Scroll Shoppe.
    47 | D:4      | Noticed an orc wizard
   170 | D:4      | Found a sacrificial altar of Ru.
   170 | D:4      | Noticed Ijyb
   252 | D:3      | Reached XP level 2. HP: 2/27 MP: 2/2
   253 | D:3      | HP: 1/27 [poisoned by an adder]
   452 | D:3      | Reached skill level 4 in Fighting
   629 | D:1      | Reached XP level 3. HP: 31/33 MP: 3/3
   780 | D:1      | Reached skill level 1 in Shapeshifting
  1520 | D:2      | Reached XP level 4. HP: 39/41 MP: 4/4
  1922 | D:2      | Found a hazy altar of Hepliaklqana.
  1987 | D:2      | Noticed Sigmund
  2310 | D:2      | Killed Sigmund
  2311 | D:2      | Reached skill level 5 in Fighting
  2311 | D:2      | Reached XP level 5. HP: 39/48 MP: 5/5
  2311 | D:2      | Reached XP level 6. HP: 46/56 MP: 6/6
  2491 | D:2      | Became a worshipper of Hepliaklqana the Forgotten
  2589 | D:3      | Found a glowing silver altar of Zin.
  3550 | D:3      | Reached skill level 6 in Fighting
  3798 | D:4      | Reached XP level 7. HP: 46/63 MP: 7/7
  4368 | D:5      | Reached skill level 5 in Shapeshifting
  4718 | D:5      | Noticed Menkaure
  4732 | D:5      | Killed Menkaure
  4733 | D:5      | Reached skill level 7 in Fighting
  4733 | D:5      | Reached XP level 8. HP: 73/73 MP: 8/8
  5168 | D:5      | Bought a scroll of identify for 22 gold pieces
  5168 | D:5      | Bought a scroll of blinking for 82 gold pieces
  5168 | D:5      | Bought a scroll of identify for 22 gold pieces
  5168 | D:5      | Bought a scroll of noise for 11 gold pieces
  5168 | D:5      | Bought a scroll of vulnerability for 44 gold pieces
  6272 | D:6      | Reached * piety under Hepliaklqana
  6345 | D:6      | Noticed Eustachio
  6386 | D:6      | Killed Eustachio
  6387 | D:6      | Reached skill level 8 in Fighting
  6497 | D:6      | Noticed Dowan
  6497 | D:6      | Noticed Duvessa
  6505 | D:6      | Killed Duvessa
  6506 | D:6      | Reached skill level 5 in Axes
  6509 | D:6      | Killed Dowan
  6510 | D:6      | Reached XP level 9. HP: 33/72 MP: 9/9
  7005 | D:6      | Found an opulent altar of Gozag.
  7471 | D:6      | Found a glowing golden altar of the Shining One.
  7534 | D:6      | Found an ornate altar of the Wu Jian Council.
  7857 | D:4      | Killed Ijyb
  8080 | D:7      | Reached skill level 9 in Fighting
  8438 | D:7      | Found an iron altar of Okawaru.
  8453 | D:7      | Found a staircase to the Ecumenical Temple.
  9147 | D:8      | Reached ** piety under Hepliaklqana
  9148 | D:8      | Remembered your ancestor Hamal as a battlemage
  9156 | D:8      | Identified the ring "Leduorgh" {Ice rPois rCorr Int+8
                  | Dex-3}
  9174 | D:8      | Reached skill level 1 in Unarmed Combat
  9182 | D:8      | Reached XP level 10. HP: 8/83 MP: 10/10
  9510 | D:8      | Identified the +1 leather armour of Meusas {rCorr Str+3}
  9629 | D:8      | Reached skill level 10 in Fighting
  9696 | D:8      | Found a staircase to the Lair.
  9947 | D:8      | Noticed a lindwurm
  9952 | D:8      | Noticed a lindwurm
  9961 | D:8      | Noticed a lindwurm
 10390 | D:9      | Reached *** piety under Hepliaklqana
 10545 | D:9      | Found a staircase to the Orcish Mines.
 10899 | Lair:1   | Entered Level 1 of the Lair of Beasts
 10922 | Lair:1   | Noticed a cane toad
 10926 | Lair:1   | Killed a cane toad
 10937 | Lair:1   | Noticed a black mamba
 10946 | Lair:1   | Killed a black mamba
 11259 | Lair:1   | Noticed a cane toad
 11616 | D:8      | Reached skill level 5 in Unarmed Combat
 11616 | D:8      | Reached skill level 10 in Shapeshifting
 11624 | D:8      | Reached skill level 11 in Fighting
 11954 | Lair:1   | Reached XP level 11. HP: 91/91 MP: 11/11
 12074 | Lair:1   | Noticed a skyshark
 12074 | Lair:1   | Noticed Danienth's ghost (journeyman TeAE)
 12076 | Lair:1   | Found a transporter.
 12086 | Lair:1   | Found a transporter.
 12091 | Lair:1   | Noticed a death yak
 12527 | Lair:2   | Found a staircase to the Snake Pit.
 12539 | Lair:2   | Reached skill level 12 in Fighting
 13281 | Lair:2   | Reached skill level 1 in Invocations
 13519 | Lair:2   | Noticed a death yak
 13523 | Lair:2   | Noticed a death yak
 13523 | Lair:2   | Noticed a death yak
 13545 | Lair:1   | Killed a death yak
 13928 | Lair:2   | Found a staircase to the Swamp.
 13928 | Lair:2   | Noticed an eleionoma
 13940 | Lair:2   | Killed an eleionoma
 13941 | Lair:2   | Reached XP level 12. HP: 23/101 MP: 3/14
 14201 | Lair:2   | Noticed a death yak
 14511 | Lair:2   | Noticed a death yak
 14553 | Lair:2   | Killed a death yak
 14561 | Lair:1   | Killed a death yak
 14967 | Lair:1   | Killed a death yak
 14968 | Lair:1   | Reached skill level 13 in Fighting
 15208 | Lair:2   | Killed a death yak
 15993 | Lair:3   | Noticed Gastronok
 16001 | Lair:3   | Killed Gastronok
 16094 | Lair:3   | Reached **** piety under Hepliaklqana
 16292 | Lair:3   | HP: 1/103 [elephant (6)]
 17062 | Lair:3   | Reached skill level 5 in Dodging
 17168 | Lair:4   | Reached XP level 13. HP: 61/109 MP: 10/16
 17358 | Lair:4   | Found a runed translucent gate.
 17358 | Lair:4   | Found a runed translucent gate.
 17358 | Lair:4   | Found a runed translucent gate.
 17358 | Lair:4   | Found a staircase to the Slime Pits.
 17358 | Lair:4   | Found a viscous altar of Jiyva.
 17358 | Lair:4   | Noticed an azure jelly
 17358 | Lair:4   | Noticed an azure jelly
 17358 | Lair:4   | Noticed an azure jelly
 17358 | Lair:4   | Noticed an azure jelly
 17358 | Lair:4   | Noticed an acid blob
 17359 | Lair:4   | Noticed lunkers's ghost (journeyman DgSh)
 17359 | Lair:4   | Noticed an azure jelly
 17359 | Lair:4   | Noticed an azure jelly
 17359 | Lair:4   | Noticed a quicksilver ooze
 17359 | Lair:4   | Noticed an acid blob
 17359 | Lair:4   | Noticed an azure jelly
 17360 | Lair:4   | Noticed an acid blob
 17360 | Lair:4   | Noticed an acid blob
 18446 | Lair:4   | Reached skill level 10 in Unarmed Combat
 18693 | Lair:4   | Identified the +12 spear "Womued" {heavy, rN+ Str+2 Int+4
                  | Stlth-}
 18958 | Lair:4   | Found a viscous altar of Jiyva.
 19084 | Lair:5   | Entered Level 5 of the Lair of Beasts
 19232 | Orc:1    | Entered Level 1 of the Orcish Mines
 19566 | Orc:2    | Entered Level 2 of the Orcish Mines
 19849 | Orc:2    | Noticed an orc warlord
 20075 | Orc:1    | Killed an orc warlord
 20411 | Orc:1    | HP: 1/110 [troll[an orc warlord] (12)]
 20411 | Orc:1    | Slain by a troll

Illustrated notes

Levels and vault maps discovered:
D:1:      nicolae_arrival_washed_ashore, layout_rooms, serial_forest,
          infiniplex_forest_end_2, infiniplex_forest_clump_double,
          infiniplex_forest_pool, infiniplex_forest_lined_3,
          infiniplex_forest_clump_large, infiniplex_forest_corner_1
D:2:      layout_loops_ring, basic_altar, minmay_nonomino_d4, uniq_sigmund
D:3:      layout_basic, zin_academy, gup_sewer_entry_pipe
D:4:      layout_rooms, nicolae_ru_great_annihilating_truth, chequers_jeans,
          minmay_misc_feat_enclosed, uniq_ijyb
D:5:      layout_loops_ring, serial_shops, nicolae_shop_real_fake_doors,
          minmay_misc_feat_pillars, nicolae_elevator_lobby_asterisk,
          uniq_menkaure
D:6:      lemuel_ice_spiral_2, layout_basic,
          nicolae_wu_jian_immortal_techniques, mainiacjoe_overflow_boulevard,
          nicolae_tso_swordbearing_angel, uniq_eustachio, uniq_duvessa
D:7:      layout_rooms, okawaru_humans, minmay_temple_entry_trees
D:8:      layout_basic, david_lair_shrubbed, minmay_lindwurm_lava
D:9:      layout_gridville, orc_0_dummy
Lair:1:   layout_cave_shapes, gammafunk_ghost_arena, grunt_megastairs_4
Lair:2:   layout_regular_city, alex1729_swamp_entry_worm_eleionoma,
          minmay_snake_entry_six_corridors, nicolae_lair_lil_pond,
          infiniplex_staircase_pool_2, serial_bayou_shore_b
Lair:3:   layout_gridlike, enter_volcano_3, uniq_gastronok
Lair:4:   statuecave_lemuel, layout_cave_pods, slime_entry_1,
          gammafunk_ghost_ooze, grunt_megastairs_2
Lair:5:   minmay_lair_end_frog_pond, layout_cave_pods, serial_bayou_shore_a,
          uniq_urug
Orc:1:    minmay_goldmine, layout_caves
Orc:2:    grunt_orc_community_town_hall, layout_diamond_mine,
          grunt_orc_community_big_house_2, grunt_orc_community_big_house_2,
          grunt_orc_community_house_3, grunt_orc_community_house_3,
          grunt_orc_community_house_3, grunt_orc_community_house_3,
          grunt_orc_community_house_3

Skill      XL: |  1  2  3  4  5  6  7  8  9 10 11 12 13 |
---------------+----------------------------------------+-----
Axes           | 3 5 |  5.7
Fighting       | 4 5 6 7 8 9 11 12 13 | 13.9
Dodging        | 2 5 6 |  6.0
Shapeshifting  | 1 3 4 5 6 8 10 11 12 | 12.9
Unarmed Combat | 2 5 8 9 11 | 11.1
Invocations    | 3 4 |  4.9
Stealth        | |  4.1

Action                     |  1- 3 |  4- 6 |  7- 9 | 10-12 | 13-15 || total
---------------------------+-------+-------+-------+-------+-------++-------
  Melee: Hand axe          |   124 |   118 |   249 |   104 |       ||   595
         Punch             |     3 |     1 |     9 |    21 |     7 ||    41
         Maw               |       |       |       |    28 |       ||    28
         Unarmed           |       |       |       |   175 |   135 ||   310
 Invoke: Ancestor Life: Ba |       |       |     1 |       |       ||     1
         Recall Ancestor   |       |       |       |     3 |     3 ||     6
         Transference      |       |       |       |     2 |       ||     2
         Idealise          |       |       |       |     1 |     3 ||     4
  Evoke: Wand              |       |       |       |     5 |     4 ||     9
    Use: Scroll            |     4 |       |     9 |     8 |     5 ||    26
         Potion            |       |     2 |     1 |     2 |     2 ||     7
   Stab: Sleeping          |     7 |     6 |     1 |       |       ||    14
         Invisible         |       |       |     1 |       |       ||     1
         Paralysed         |       |       |     1 |       |       ||     1
         Distracted        |       |       |       |    10 |     2 ||    12
 Armour: Leather armour    |    20 |       |       |       |       ||    20
         Ring mail         |    73 |   102 |    94 |       |       ||   269
         Skin              |       |       |    14 |    22 |       ||    36
         Plate armour      |       |       |   127 |   195 |   113 ||   435
  Dodge: Dodged            |    67 |    69 |   101 |   123 |    66 ||   426
   Form: Beast             |       |     1 |       |       |       ||     1
         Maw               |       |       |       |     1 |       ||     1
         Blade             |       |       |       |     1 |       ||     1

Table legend: (Time is in decaauts)
 A = Elapsed time spent in this place.
 B = Non-inter-level travel time spent in this place.
 C = Inter-level travel time spent in this place.
 D = Time resting spent in this place.
 E = Time spent auto-exploring this place.
 F = Levels seen in this place.
 G = Mean time per level.
                   A        B        C        D        E       F      G
               +--------+--------+--------+--------+--------+-----+--------+
         Total |  20418 |  19167 |   1251 |   7413 |   8854 |  16 | 1276.1 |
       Dungeon |  11584 |  11018 |    566 |   3606 |   5606 |   9 | 1287.1 |
          Lair |   7664 |   7043 |    621 |   3172 |   2947 |   5 | 1532.8 |
  Orcish Mines |   1169 |   1106 |     63 |    634 |    301 |   2 |  584.5 |
               +--------+--------+--------+--------+--------+-----+--------+

Top non-repeatable levels by time:
  Lair:2: 2361 daAuts
  Lair:1: 2170 daAuts
     D:5: 2060 daAuts
  Lair:4: 1755 daAuts
     D:8: 1573 daAuts
     D:6: 1509 daAuts
     D:3: 1481 daAuts
  Lair:3: 1365 daAuts
     D:2: 1296 daAuts
     D:7: 1012 daAuts
   Orc:1: 945 daAuts
     D:9: 893 daAuts
     D:1: 887 daAuts
     D:4: 869 daAuts
   Orc:2: 223 daAuts
